[ PARTIDA AOE2 · #479140146 ]
UnrankedGurjaras vs Tatars
[ ANÁLISIS DE REPETICIÓN · EXTRAÍDO DE LA PARTIDA GRABADA ]
Feudal
13:44
Castillos
20:34
Imperial
—
| APM promedio | 19.9 |
| APM pico | 35 |
| eAPM promedio | 14.0 |
| Aldeanos / militares | 112 / 70 |
Foco
⚔️ 19.5% · 🌾 80.5%
Shrivamsha Rider ×55 · Camel Scout ×9 · Scout Cavalry ×5 · Monk ×1
Feudal
12:35
Castillos
17:37
Imperial
—
| APM promedio | 40.8 |
| APM pico | 77 |
| eAPM promedio | 18.2 |
| Aldeanos / militares | 101 / 44 |
Foco
⚔️ 24.8% · 🌾 75.2%
Cataphract ×43 · Monk ×1
Feudal
14:50
Castillos
18:46
Imperial
—
| APM promedio | 56.4 |
| APM pico | 101 |
| eAPM promedio | 31.5 |
| Aldeanos / militares | 149 / 61 |
Foco
⚔️ 23.8% · 🌾 76.2%
Cavalry Archer ×60 · Keshik ×1
Feudal
13:51
Castillos
18:22
Imperial
—
| APM promedio | 65.5 |
| APM pico | 145 |
| eAPM promedio | 25.5 |
| Aldeanos / militares | 118 / 66 |
Foco
⚔️ 30.1% · 🌾 69.9%
Cavalry Archer ×57 · Ghulam ×8 · Spearman ×1
Feudal
23:12
Castillos
27:42
Imperial
—
| APM promedio | 47.6 |
| APM pico | 73 |
| eAPM promedio | 32.2 |
| Aldeanos / militares | 137 / 37 |
Foco
⚔️ 22.8% · 🌾 77.2%
Militia ×33 · Berserk ×3 · Monk ×1
Feudal
14:18
Castillos
34:20
Imperial
—
| APM promedio | 27.0 |
| APM pico | 64 |
| eAPM promedio | 11.5 |
| Aldeanos / militares | 69 / 6 |
Foco
⚔️ 23.9% · 🌾 76.1%
Archer ×6
Feudal
12:50
Castillos
16:35
Imperial
35:38
| APM promedio | 33.1 |
| APM pico | 69 |
| eAPM promedio | 21.8 |
| Aldeanos / militares | 136 / 55 |
Foco
⚔️ 26.9% · 🌾 73.1%
Jaguar Warrior ×40 · Skirmisher ×12 · Monk ×3 · Trade Cart ×1
Feudal
11:41
Castillos
21:42
Imperial
35:07
| APM promedio | 46.7 |
| APM pico | 93 |
| eAPM promedio | 26.5 |
| Aldeanos / militares | 120 / 72 |
Foco
⚔️ 41.4% · 🌾 58.6%
Genoese Crossbowman ×50 · Trebuchet (Packed) ×10 · Scorpion ×6 · Scout Cavalry ×5 · Spearman ×1
Mapa de la partida
Recursos iniciales + cada clic de construcción. Líneas = muros · curvas = relieve. ◆ oro · ⬟ piedra · ● bayas · ✦ reliquia · ◌ hueco del cierre
Tu base· Abierta — flanco sin cerrar
Base de CSA_HW_Mercer· Abierta — flanco sin cerrar
Base de Ux'el noruego· Abierta — flanco sin cerrar
Base de IamAlextremo· Abierta — flanco sin cerrar
Base de [MGG] El Diablo· Abierta — flanco sin cerrar
Base de Peekachu· Abierta — hueco de 8t
Base de Ancalagon14· Abierta — flanco sin cerrar
Base de nomad· Abierta — hueco de 10t
Terreno inicial suavizado · ◌ = hueco del cierre detectado · pasá el cursor para detalles
Inputs por minuto
— ArfGran - - CSA_HW_Mercer
Build order — ArfGran
Primeras 150 de 280 acciones detectadas
| 0:38 | Construir | Town Center |
| 0:50 | Construir | House |
| 3:10 | Crear | Villager (Male) |
| 3:11 | Crear | Villager (Male) |
| 3:11 | Crear | Villager (Male) |
| 3:15 | Crear | Villager (Male) |
| 4:05 | Crear | Villager (Male) |
| 4:29 | Crear | Villager (Male) |
| 4:57 | Construir | House |
| 5:00 | Construir | Lumber Camp |
| 5:42 | Crear | Villager (Male) |
| 5:42 | Crear | Villager (Male) |
| 5:56 | Investigar | Loom |
| 6:31 | Crear | Villager (Male) |
| 6:42 | Crear | Villager (Male) |
| 7:02 | Crear | Villager (Male) |
| 7:02 | Crear | Villager (Male) |
| 8:08 | Construir | House |
| 8:17 | Construir | Mill |
| 8:30 | Crear | Villager (Male) |
| 8:31 | Crear | Villager (Male) |
| 9:04 | Crear | Villager (Male) |
| 9:04 | Crear | Villager (Male) |
| 9:05 | Crear | Villager (Male) |
| 9:10 | Construir | House |
| 9:11 | Construir | House |
| 9:45 | Crear | Villager (Male) |
| 9:58 | Crear | Villager (Male) |
| 10:03 | Construir | House |
| 10:22 | Crear | Villager (Male) |
| 10:58 | Crear | Villager (Male) |
| 10:58 | Crear | Villager (Male) |
| 11:10 | Investigar | Feudal Age |
| 11:26 | Construir | Mill |
| 11:33 | Construir | Farm |
| 11:39 | Construir | Farm |
| 12:22 | Construir | Mining Camp |
| 12:37 | Construir | Palisade Wall |
| 12:39 | Construir | Palisade Wall |
| 12:40 | Construir | Palisade Wall |
| 12:53 | Crear | Villager (Male) |
| 12:53 | Crear | Villager (Male) |
| 13:03 | Construir | Palisade Gate |
| 13:07 | Construir | Palisade Wall |
| 13:44 | Edad | Edad Feudal |
| 13:55 | Investigar | Double-Bit Axe |
| 14:12 | Crear | Villager (Male) |
| 14:33 | Construir | Barracks |
| 14:39 | Crear | Villager (Male) |
| 14:58 | Crear | Villager (Male) |
| 15:26 | Construir | Stable |
| 15:28 | Crear | Villager (Male) |
| 16:00 | Crear | Villager (Male) |
| 16:01 | Crear | Villager (Male) |
| 16:07 | Construir | House |
| 16:09 | Crear | Scout Cavalry ×5 |
| 16:20 | Crear | Villager (Male) |
| 16:20 | Crear | Villager (Male) |
| 16:41 | Construir | Blacksmith |
| 16:44 | Construir | Palisade Wall |
| 17:23 | Construir | Stable |
| 17:28 | Construir | House |
| 17:46 | Investigar | Castle Age |
| 18:50 | Investigar | Horse Collar |
| 19:02 | Construir | House |
| 19:02 | Construir | House |
| 19:24 | Crear | Camel Scout |
| 19:25 | Crear | Camel Scout |
| 19:28 | Investigar | Gold Mining |
| 19:45 | Investigar | Forging |
| 19:56 | Construir | House |
| 20:00 | Construir | Farm |
| 20:02 | Construir | Farm |
| 20:03 | Construir | Farm |
| 20:05 | Construir | Farm |
| 20:07 | Construir | Farm |
| 20:08 | Construir | Farm |
| 20:22 | Investigar | Bloodlines |
| 20:23 | Crear | Camel Scout |
| 20:24 | Crear | Camel Scout |
| 20:34 | Edad | Edad de los Castillos |
| 20:40 | Construir | Farm |
| 20:44 | Crear | Villager (Male) |
| 20:44 | Crear | Villager (Male) |
| 21:13 | Crear | Villager (Male) |
| 21:17 | Construir | Town Center |
| 21:24 | Investigar | Scale Barding Armor |
| 21:50 | Crear | Shrivamsha Rider |
| 21:51 | Crear | Shrivamsha Rider |
| 22:04 | Crear | Shrivamsha Rider |
| 22:05 | Crear | Shrivamsha Rider |
| 22:07 | Crear | Villager (Male) |
| 22:07 | Crear | Villager (Male) |
| 22:41 | Construir | Town Center |
| 22:43 | Crear | Villager (Male) |
| 22:44 | Crear | Villager (Male) |
| 22:51 | Crear | Shrivamsha Rider |
| 22:51 | Crear | Shrivamsha Rider |
| 23:19 | Crear | Villager (Male) |
| 23:19 | Crear | Villager (Male) |
| 23:41 | Crear | Villager (Male) |
| 23:41 | Crear | Villager (Male) |
| 23:45 | Construir | Farm |
| 23:47 | Crear | Villager (Male) |
| 23:47 | Crear | Villager (Male) |
| 24:14 | Construir | Farm |
| 24:15 | Crear | Villager (Male) |
| 24:16 | Crear | Villager (Male) |
| 24:19 | Crear | Villager (Male) |
| 24:30 | Construir | Farm |
| 24:32 | Crear | Villager (Male) |
| 24:35 | Construir | Farm |
| 24:43 | Construir | Market |
| 25:00 | Crear | Villager (Male) |
| 25:02 | Crear | Villager (Male) |
| 25:05 | Crear | Villager (Male) |
| 25:06 | Construir | Farm |
| 25:16 | Crear | Villager (Male) |
| 25:24 | Construir | Farm |
| 25:26 | Crear | Villager (Male) |
| 25:30 | Construir | Farm |
| 25:31 | Crear | Villager (Male) |
| 25:32 | Crear | Villager (Male) |
| 25:32 | Crear | Villager (Male) |
| 25:48 | Construir | Farm |
| 25:50 | Crear | Villager (Male) |
| 26:03 | Construir | Farm |
| 26:04 | Crear | Villager (Male) |
| 26:08 | Construir | Farm |
| 26:08 | Crear | Villager (Male) |
| 26:23 | Construir | Farm |
| 26:29 | Investigar | Husbandry |
| 26:31 | Crear | Shrivamsha Rider |
| 26:31 | Crear | Shrivamsha Rider |
| 26:33 | Construir | Farm |
| 26:45 | Construir | Farm |
| 26:46 | Crear | Villager (Male) |
| 26:46 | Crear | Villager (Male) |
| 27:02 | Construir | Farm |
| 27:02 | Crear | Villager (Male) |
| 27:05 | Construir | House |
| 27:05 | Construir | House |
| 27:05 | Construir | House |
| 27:07 | Crear | Villager (Male) |
| 27:07 | Crear | Villager (Male) |
| 27:25 | Crear | Shrivamsha Rider |
| 27:26 | Crear | Shrivamsha Rider |
| 27:26 | Crear | Shrivamsha Rider |
| 27:28 | Crear | Villager (Male) |
| 27:30 | Construir | Farm |
Build order — CSA_HW_Mercer
Primeras 150 de 237 acciones detectadas
| 0:09 | Construir | House |
| 0:41 | Construir | Town Center |
| 2:43 | Crear | Villager (Male) |
| 2:43 | Crear | Villager (Male) |
| 2:43 | Crear | Villager (Male) |
| 3:11 | Crear | Villager (Male) |
| 3:35 | Investigar | Loom |
| 3:38 | Crear | Villager (Male) |
| 4:24 | Crear | Villager (Male) |
| 4:24 | Crear | Villager (Male) |
| 4:43 | Crear | Villager (Male) |
| 5:06 | Crear | Villager (Male) |
| 5:06 | Crear | Villager (Male) |
| 5:17 | Construir | House |
| 6:33 | Crear | Villager (Male) |
| 6:33 | Crear | Villager (Male) |
| 6:34 | Crear | Villager (Male) |
| 6:40 | Construir | Lumber Camp |
| 7:07 | Crear | Villager (Male) |
| 7:07 | Crear | Villager (Male) |
| 7:14 | Construir | House |
| 8:45 | Crear | Villager (Male) |
| 8:48 | Crear | Villager (Male) |
| 8:49 | Crear | Villager (Male) |
| 9:23 | Construir | Mining Camp |
| 9:30 | Crear | Villager (Male) |
| 9:50 | Construir | House |
| 10:11 | Investigar | Feudal Age |
| 10:11 | Investigar | Feudal Age |
| 11:16 | Construir | Mill |
| 11:39 | Crear | Villager (Male) |
| 12:35 | Edad | Edad Feudal |
| 12:40 | Crear | Villager (Male) |
| 12:53 | Construir | Palisade Wall |
| 13:00 | Construir | Palisade Wall |
| 13:15 | Construir | Market |
| 13:26 | Crear | Villager (Male) |
| 13:51 | Crear | Villager (Male) |
| 14:00 | Construir | Blacksmith |
| 14:26 | Crear | Villager (Male) |
| 14:36 | Construir | Palisade Wall |
| 14:37 | Construir | Palisade Wall |
| 14:47 | Construir | House |
| 14:57 | Investigar | Castle Age |
| 15:22 | Construir | Mining Camp |
| 15:47 | Investigar | Double-Bit Axe |
| 16:38 | Investigar | Gold Mining |
| 17:03 | Crear | Villager (Male) |
| 17:05 | Crear | Villager (Male) |
| 17:37 | Edad | Edad de los Castillos |
| 17:54 | Construir | Castle |
| 17:59 | Crear | Villager (Male) |
| 17:59 | Crear | Villager (Male) |
| 18:09 | Crear | Villager (Male) |
| 18:09 | Crear | Villager (Male) |
| 18:31 | Construir | Town Center |
| 18:41 | Crear | Villager (Male) |
| 19:36 | Crear | Villager (Male) |
| 19:45 | Crear | Villager (Male) |
| 19:45 | Crear | Villager (Male) |
| 20:24 | Crear | Villager (Male) |
| 20:31 | Crear | Cataphract |
| 20:31 | Crear | Cataphract |
| 20:48 | Investigar | Horse Collar |
| 20:50 | Crear | Villager (Male) |
| 20:56 | Crear | Cataphract |
| 20:56 | Crear | Cataphract |
| 21:13 | Construir | Mill |
| 21:15 | Crear | Villager (Male) |
| 21:20 | Crear | Cataphract |
| 21:30 | Crear | Cataphract |
| 21:59 | Construir | Mill |
| 22:04 | Crear | Cataphract |
| 22:27 | Crear | Villager (Male) |
| 22:43 | Crear | Cataphract |
| 22:55 | Crear | Cataphract |
| 22:56 | Crear | Cataphract |
| 22:57 | Crear | Villager (Male) |
| 23:03 | Construir | Town Center |
| 23:26 | Crear | Cataphract |
| 23:26 | Crear | Cataphract |
| 23:40 | Crear | Villager (Male) |
| 23:44 | Construir | Farm |
| 23:45 | Construir | Farm |
| 23:46 | Construir | Farm |
| 23:50 | Construir | Farm |
| 24:07 | Investigar | Scale Barding Armor |
| 24:13 | Crear | Cataphract |
| 24:14 | Crear | Cataphract |
| 24:19 | Crear | Villager (Male) |
| 24:19 | Crear | Villager (Male) |
| 24:41 | Crear | Villager (Male) |
| 24:41 | Crear | Villager (Male) |
| 24:44 | Construir | Farm |
| 24:47 | Construir | Farm |
| 24:50 | Crear | Villager (Male) |
| 25:08 | Crear | Villager (Male) |
| 25:29 | Investigar | Forging |
| 25:44 | Crear | Cataphract |
| 25:55 | Crear | Villager (Male) |
| 25:55 | Crear | Villager (Male) |
| 25:59 | Construir | Farm |
| 26:05 | Crear | Villager (Male) |
| 26:07 | Construir | Farm |
| 26:11 | Crear | Villager (Male) |
| 26:28 | Crear | Villager (Male) |
| 26:28 | Crear | Villager (Male) |
| 26:32 | Crear | Cataphract |
| 26:32 | Crear | Cataphract |
| 26:43 | Investigar | Bow Saw |
| 26:43 | Crear | Villager (Male) |
| 26:56 | Construir | House |
| 26:58 | Construir | House |
| 27:01 | Crear | Cataphract |
| 27:01 | Crear | Cataphract |
| 27:17 | Construir | House |
| 27:34 | Crear | Villager (Male) |
| 27:34 | Crear | Villager (Male) |
| 27:41 | Crear | Villager (Male) |
| 27:45 | Crear | Cataphract |
| 27:52 | Construir | Mill |
| 28:33 | Crear | Villager (Male) |
| 28:34 | Crear | Villager (Male) |
| 28:45 | Crear | Villager (Male) |
| 28:54 | Construir | Town Center |
| 29:14 | Crear | Cataphract |
| 29:15 | Crear | Cataphract |
| 29:19 | Investigar | Chain Barding Armor |
| 29:20 | Crear | Villager (Male) |
| 29:23 | Crear | Villager (Male) |
| 29:27 | Construir | Lumber Camp |
| 29:43 | Investigar | Stone Mining |
| 29:45 | Crear | Villager (Male) |
| 29:53 | Construir | Mining Camp |
| 29:56 | Crear | Villager (Male) |
| 29:56 | Crear | Villager (Male) |
| 30:16 | Crear | Cataphract |
| 30:16 | Crear | Cataphract |
| 30:16 | Crear | Cataphract |
| 30:25 | Crear | Cataphract |
| 30:27 | Crear | Villager (Male) |
| 30:27 | Crear | Villager (Male) |
| 30:30 | Crear | Villager (Male) |
| 30:30 | Crear | Villager (Male) |
| 30:42 | Crear | Villager (Male) |
| 31:01 | Construir | Farm |
| 31:02 | Construir | Farm |
| 31:07 | Crear | Cataphract |
| 31:19 | Construir | Farm |
| 31:20 | Construir | Farm |
Build order — Ux'el noruego
Primeras 150 de 343 acciones detectadas
| 0:33 | Construir | Town Center |
| 2:40 | Construir | House |
| 3:03 | Crear | Villager (Male) |
| 3:03 | Crear | Villager (Male) |
| 3:09 | Crear | Villager (Male) |
| 3:26 | Crear | Villager (Male) |
| 3:39 | Construir | House |
| 4:10 | Crear | Villager (Male) |
| 4:11 | Crear | Villager (Male) |
| 4:35 | Crear | Villager (Male) |
| 4:35 | Crear | Villager (Male) |
| 4:55 | Crear | Villager (Male) |
| 5:55 | Construir | House |
| 6:00 | Crear | Villager (Male) |
| 6:20 | Crear | Villager (Male) |
| 6:34 | Crear | Villager (Male) |
| 6:39 | Construir | House |
| 6:54 | Crear | Villager (Male) |
| 7:08 | Crear | Villager (Male) |
| 7:28 | Crear | Villager (Male) |
| 7:39 | Construir | Lumber Camp |
| 7:53 | Crear | Villager (Male) |
| 8:25 | Crear | Villager (Male) |
| 8:49 | Crear | Villager (Male) |
| 9:03 | Crear | Villager (Male) |
| 9:05 | Construir | House |
| 9:26 | Construir | House |
| 9:51 | Crear | Villager (Male) |
| 9:59 | Construir | House |
| 10:07 | Crear | Villager (Male) |
| 10:14 | Construir | House |
| 10:27 | Construir | Palisade Gate |
| 10:54 | Crear | Villager (Male) |
| 11:00 | Construir | Mill |
| 11:14 | Construir | House |
| 11:23 | Crear | Villager (Male) |
| 11:34 | Crear | Villager (Male) |
| 11:48 | Investigar | Loom |
| 12:39 | Investigar | Feudal Age |
| 14:13 | Crear | Villager (Male) |
| 14:17 | Construir | Barracks |
| 14:39 | Construir | Lumber Camp |
| 14:50 | Edad | Edad Feudal |
| 15:13 | Construir | Archery Range |
| 15:16 | Crear | Villager (Male) |
| 15:18 | Construir | Blacksmith |
| 15:31 | Crear | Villager (Male) |
| 15:56 | Investigar | Castle Age |
| 15:57 | Investigar | Castle Age |
| 16:03 | Construir | Archery Range |
| 16:39 | Construir | House |
| 16:53 | Construir | Palisade Wall |
| 16:54 | Construir | Palisade Wall |
| 16:57 | Construir | Palisade Wall |
| 17:00 | Construir | Palisade Wall |
| 17:01 | Construir | Palisade Wall |
| 17:03 | Construir | Palisade Wall |
| 17:04 | Construir | Palisade Wall |
| 17:07 | Construir | Palisade Gate |
| 17:09 | Construir | House |
| 17:11 | Construir | Palisade Wall |
| 17:15 | Construir | House |
| 17:21 | Investigar | Fletching |
| 17:22 | Investigar | Fletching |
| 17:38 | Construir | Palisade Wall |
| 17:54 | Crear | Villager (Male) |
| 18:11 | Construir | Mill |
| 18:24 | Investigar | Double-Bit Axe |
| 18:25 | Investigar | Double-Bit Axe |
| 18:46 | Edad | Edad de los Castillos |
| 18:47 | Crear | Cavalry Archer |
| 18:47 | Crear | Cavalry Archer |
| 18:50 | Investigar | Bow Saw |
| 18:53 | Crear | Villager (Male) |
| 19:08 | Crear | Cavalry Archer |
| 19:09 | Crear | Cavalry Archer |
| 19:11 | Investigar | Bodkin Arrow |
| 19:11 | Investigar | Bodkin Arrow |
| 19:19 | Crear | Villager (Male) |
| 19:37 | Crear | Villager (Male) |
| 19:56 | Crear | Cavalry Archer |
| 19:56 | Crear | Cavalry Archer |
| 19:59 | Crear | Villager (Male) |
| 20:03 | Construir | Town Center |
| 20:38 | Crear | Villager (Male) |
| 20:54 | Crear | Villager (Male) |
| 21:02 | Construir | House |
| 21:03 | Construir | House |
| 21:20 | Construir | Town Center |
| 21:29 | Crear | Villager (Male) |
| 21:29 | Crear | Villager (Male) |
| 21:39 | Crear | Villager (Male) |
| 21:56 | Crear | Villager (Male) |
| 21:57 | Construir | Stable |
| 22:05 | Crear | Cavalry Archer |
| 22:09 | Crear | Villager (Male) |
| 22:10 | Crear | Villager (Male) |
| 22:24 | Crear | Cavalry Archer |
| 22:24 | Crear | Cavalry Archer |
| 22:33 | Crear | Villager (Male) |
| 22:33 | Crear | Villager (Male) |
| 22:46 | Crear | Villager (Male) |
| 22:46 | Crear | Villager (Male) |
| 23:05 | Crear | Villager (Male) |
| 23:31 | Crear | Villager (Male) |
| 23:31 | Crear | Villager (Male) |
| 23:33 | Crear | Villager (Male) |
| 23:39 | Construir | Farm |
| 23:40 | Construir | Farm |
| 23:42 | Construir | Farm |
| 23:43 | Construir | Farm |
| 23:48 | Crear | Villager (Male) |
| 23:59 | Crear | Cavalry Archer |
| 23:59 | Crear | Cavalry Archer |
| 24:01 | Investigar | Husbandry |
| 24:02 | Investigar | Husbandry |
| 24:08 | Crear | Villager (Male) |
| 24:21 | Construir | Market |
| 24:33 | Construir | Palisade Wall |
| 24:36 | Crear | Villager (Male) |
| 24:42 | Construir | Palisade Wall |
| 24:44 | Construir | Palisade Wall |
| 24:45 | Construir | Palisade Wall |
| 24:47 | Construir | Palisade Wall |
| 24:53 | Crear | Villager (Male) |
| 24:54 | Crear | Villager (Male) |
| 24:54 | Crear | Villager (Male) |
| 25:04 | Crear | Villager (Male) |
| 25:04 | Crear | Villager (Male) |
| 25:09 | Construir | Farm |
| 25:16 | Construir | Palisade Wall |
| 25:19 | Construir | Palisade Wall |
| 25:20 | Construir | Palisade Wall |
| 25:21 | Construir | Palisade Wall |
| 25:30 | Construir | Farm |
| 25:31 | Construir | Farm |
| 25:32 | Construir | Farm |
| 25:40 | Crear | Villager (Male) |
| 25:40 | Crear | Villager (Male) |
| 25:46 | Construir | Farm |
| 25:47 | Construir | Farm |
| 25:50 | Crear | Cavalry Archer |
| 25:50 | Crear | Cavalry Archer |
| 25:55 | Construir | Farm |
| 25:57 | Investigar | Town Watch |
| 25:58 | Crear | Villager (Male) |
| 25:58 | Crear | Villager (Male) |
| 26:01 | Construir | House |
| 26:01 | Construir | House |
| 26:02 | Construir | House |
Build order — IamAlextremo
Primeras 150 de 311 acciones detectadas
| 1:05 | Construir | Town Center |
| 2:21 | Construir | House |
| 2:56 | Crear | Villager (Male) |
| 2:56 | Crear | Villager (Male) |
| 2:56 | Crear | Villager (Male) |
| 2:57 | Crear | Villager (Male) |
| 3:51 | Crear | Villager (Male) |
| 4:04 | Construir | Lumber Camp |
| 4:24 | Crear | Villager (Male) |
| 4:49 | Crear | Villager (Male) |
| 5:09 | Crear | Villager (Male) |
| 5:13 | Construir | House |
| 5:45 | Crear | Villager (Male) |
| 6:33 | Crear | Villager (Male) |
| 6:34 | Crear | Villager (Male) |
| 6:34 | Crear | Villager (Male) |
| 7:13 | Construir | House |
| 7:17 | Crear | Villager (Male) |
| 7:50 | Crear | Villager (Male) |
| 8:26 | Crear | Villager (Male) |
| 8:52 | Crear | Villager (Male) |
| 8:53 | Construir | House |
| 9:16 | Construir | House |
| 9:28 | Crear | Villager (Male) |
| 9:48 | Crear | Villager (Male) |
| 10:01 | Crear | Villager (Male) |
| 10:05 | Construir | Mining Camp |
| 10:08 | Construir | House |
| 10:51 | Crear | Villager (Male) |
| 10:57 | Investigar | Loom |
| 11:04 | Construir | Mill |
| 11:34 | Investigar | Feudal Age |
| 11:59 | Crear | Villager (Male) |
| 13:17 | Crear | Villager (Male) |
| 13:51 | Edad | Edad Feudal |
| 13:54 | Construir | Market |
| 13:55 | Construir | Blacksmith |
| 14:53 | Construir | Palisade Gate |
| 15:00 | Construir | House |
| 15:02 | Construir | House |
| 15:09 | Construir | House |
| 15:11 | Construir | House |
| 15:17 | Construir | Palisade Gate |
| 15:27 | Construir | Palisade Gate |
| 15:31 | Construir | Palisade Wall |
| 15:40 | Crear | Villager (Male) |
| 15:42 | Investigar | Castle Age |
| 16:39 | Construir | Barracks |
| 16:57 | Construir | Farm |
| 16:57 | Construir | Farm |
| 17:00 | Investigar | Double-Bit Axe |
| 17:01 | Investigar | Horse Collar |
| 17:06 | Construir | Farm |
| 17:09 | Construir | Farm |
| 17:28 | Construir | Farm |
| 17:36 | Investigar | Gold Mining |
| 17:36 | Crear | Villager (Male) |
| 17:39 | Construir | Archery Range |
| 17:55 | Construir | House |
| 18:22 | Crear | Spearman |
| 18:22 | Edad | Edad de los Castillos |
| 18:25 | Crear | Cavalry Archer |
| 18:27 | Crear | Villager (Male) |
| 18:28 | Construir | Farm |
| 18:39 | Crear | Villager (Male) |
| 18:54 | Construir | Farm |
| 18:54 | Crear | Villager (Male) |
| 18:58 | Crear | Cavalry Archer |
| 19:16 | Crear | Villager (Male) |
| 19:20 | Crear | Cavalry Archer |
| 19:26 | Construir | Archery Range |
| 19:39 | Crear | Cavalry Archer |
| 19:40 | Crear | Villager (Male) |
| 19:42 | Construir | Farm |
| 19:50 | Construir | House |
| 19:51 | Construir | House |
| 20:01 | Crear | Cavalry Archer |
| 20:18 | Investigar | Fletching |
| 20:19 | Crear | Cavalry Archer |
| 20:25 | Crear | Villager (Male) |
| 20:31 | Construir | House |
| 20:33 | Construir | House |
| 20:37 | Crear | Cavalry Archer |
| 20:54 | Crear | Cavalry Archer |
| 20:55 | Crear | Villager (Male) |
| 21:06 | Crear | Cavalry Archer |
| 21:24 | Crear | Villager (Male) |
| 21:27 | Crear | Cavalry Archer |
| 21:44 | Construir | House |
| 21:55 | Crear | Cavalry Archer |
| 21:56 | Crear | Villager (Male) |
| 22:05 | Construir | Town Center |
| 22:24 | Investigar | Bodkin Arrow |
| 22:43 | Crear | Villager (Male) |
| 22:49 | Construir | Lumber Camp |
| 23:04 | Crear | Villager (Male) |
| 23:05 | Crear | Villager (Male) |
| 23:07 | Crear | Villager (Male) |
| 23:20 | Crear | Cavalry Archer |
| 23:20 | Crear | Cavalry Archer |
| 23:37 | Crear | Villager (Male) |
| 23:43 | Crear | Cavalry Archer |
| 23:51 | Crear | Villager (Male) |
| 23:52 | Crear | Villager (Male) |
| 23:54 | Crear | Villager (Male) |
| 24:01 | Crear | Cavalry Archer |
| 24:15 | Crear | Villager (Male) |
| 24:17 | Construir | Town Center |
| 24:19 | Crear | Cavalry Archer |
| 24:33 | Crear | Cavalry Archer |
| 24:35 | Crear | Villager (Male) |
| 24:43 | Crear | Cavalry Archer |
| 24:51 | Crear | Villager (Male) |
| 24:53 | Crear | Villager (Male) |
| 25:18 | Construir | Farm |
| 25:19 | Construir | Farm |
| 25:20 | Construir | Farm |
| 25:33 | Crear | Villager (Male) |
| 25:35 | Crear | Villager (Male) |
| 25:42 | Crear | Villager (Male) |
| 26:00 | Crear | Villager (Male) |
| 26:04 | Crear | Cavalry Archer |
| 26:05 | Crear | Cavalry Archer |
| 26:07 | Construir | Farm |
| 26:08 | Construir | Farm |
| 26:08 | Construir | Farm |
| 26:08 | Construir | Farm |
| 26:09 | Construir | Farm |
| 26:09 | Construir | Farm |
| 26:10 | Crear | Cavalry Archer |
| 26:10 | Crear | Cavalry Archer |
| 26:11 | Crear | Villager (Male) |
| 26:15 | Crear | Cavalry Archer |
| 26:22 | Crear | Villager (Male) |
| 26:29 | Crear | Cavalry Archer |
| 26:30 | Crear | Cavalry Archer |
| 26:45 | Crear | Villager (Male) |
| 26:47 | Construir | University |
| 26:54 | Crear | Villager (Male) |
| 27:03 | Crear | Villager (Male) |
| 27:06 | Crear | Villager (Male) |
| 27:12 | Crear | Villager (Male) |
| 27:17 | Crear | Cavalry Archer |
| 27:21 | Construir | Farm |
| 27:23 | Construir | Farm |
| 27:24 | Crear | Cavalry Archer |
| 27:24 | Crear | Cavalry Archer |
| 27:24 | Crear | Villager (Male) |
| 27:28 | Crear | Villager (Male) |
| 27:33 | Construir | Farm |
Build order — [MGG] El Diablo
Primeras 150 de 342 acciones detectadas
| 0:12 | Construir | Town Center |
| 2:33 | Crear | Villager (Male) |
| 2:33 | Crear | Villager (Male) |
| 2:34 | Crear | Villager (Male) |
| 2:34 | Crear | Villager (Male) |
| 2:34 | Crear | Villager (Male) |
| 2:40 | Construir | House |
| 3:43 | Crear | Villager (Male) |
| 3:43 | Crear | Villager (Male) |
| 4:10 | Crear | Villager (Male) |
| 4:10 | Crear | Villager (Male) |
| 4:35 | Construir | Lumber Camp |
| 4:41 | Construir | House |
| 4:52 | Crear | Villager (Male) |
| 4:52 | Crear | Villager (Male) |
| 5:51 | Crear | Villager (Male) |
| 5:52 | Crear | Villager (Male) |
| 5:52 | Crear | Villager (Male) |
| 5:52 | Crear | Villager (Male) |
| 6:15 | Crear | Villager (Male) |
| 6:16 | Crear | Villager (Male) |
| 6:20 | Construir | House |
| 6:46 | Crear | Villager (Male) |
| 6:46 | Crear | Villager (Male) |
| 7:26 | Crear | Villager (Male) |
| 7:26 | Crear | Villager (Male) |
| 7:29 | Crear | Villager (Male) |
| 7:30 | Crear | Villager (Male) |
| 7:50 | Crear | Villager (Male) |
| 7:50 | Crear | Villager (Male) |
| 7:57 | Construir | Barracks |
| 8:04 | Crear | Villager (Male) |
| 8:28 | Construir | House |
| 8:33 | Crear | Villager (Male) |
| 8:51 | Crear | Militia |
| 8:53 | Construir | Mining Camp |
| 9:04 | Crear | Villager (Male) |
| 9:14 | Crear | Villager (Male) |
| 9:19 | Crear | Militia |
| 9:20 | Crear | Villager (Male) |
| 9:27 | Construir | House |
| 9:41 | Crear | Villager (Male) |
| 9:47 | Crear | Villager (Male) |
| 9:49 | Crear | Militia |
| 10:08 | Crear | Militia |
| 10:10 | Construir | House |
| 10:29 | Crear | Militia |
| 10:32 | Construir | House |
| 10:43 | Crear | Villager (Male) |
| 10:45 | Crear | Villager (Male) |
| 10:55 | Crear | Militia |
| 11:04 | Construir | Mill |
| 11:10 | Construir | House |
| 11:16 | Crear | Militia |
| 11:17 | Crear | Militia |
| 11:53 | Crear | Villager (Male) |
| 11:53 | Crear | Villager (Male) |
| 11:55 | Construir | House |
| 11:57 | Crear | Militia |
| 12:02 | Crear | Militia |
| 12:03 | Crear | Villager (Male) |
| 12:09 | Construir | Mill |
| 12:11 | Crear | Militia |
| 12:19 | Crear | Villager (Male) |
| 12:32 | Construir | House |
| 12:52 | Crear | Militia |
| 13:06 | Construir | House |
| 13:14 | Crear | Militia |
| 13:19 | Crear | Villager (Male) |
| 13:34 | Crear | Villager (Male) |
| 13:37 | Construir | Farm |
| 13:47 | Crear | Militia |
| 14:09 | Crear | Militia |
| 14:13 | Construir | House |
| 14:25 | Crear | Villager (Male) |
| 14:27 | Construir | Farm |
| 14:32 | Crear | Militia |
| 14:50 | Construir | Palisade Gate |
| 14:54 | Crear | Villager (Male) |
| 14:54 | Crear | Villager (Male) |
| 14:56 | Construir | Farm |
| 14:58 | Crear | Militia |
| 14:59 | Crear | Militia |
| 15:08 | Crear | Villager (Male) |
| 15:13 | Construir | House |
| 15:19 | Crear | Villager (Male) |
| 15:19 | Crear | Villager (Male) |
| 15:21 | Construir | Farm |
| 15:25 | Crear | Militia |
| 15:25 | Crear | Militia |
| 15:27 | Crear | Villager (Male) |
| 15:32 | Construir | House |
| 15:34 | Construir | Palisade Wall |
| 15:59 | Construir | Mill |
| 16:00 | Crear | Militia |
| 16:09 | Construir | Palisade Gate |
| 16:11 | Construir | Palisade Wall |
| 16:11 | Construir | Palisade Wall |
| 16:15 | Crear | Villager (Male) |
| 16:17 | Construir | Farm |
| 16:23 | Crear | Militia |
| 16:31 | Crear | Villager (Male) |
| 16:31 | Crear | Villager (Male) |
| 16:35 | Construir | Farm |
| 16:46 | Crear | Villager (Male) |
| 16:46 | Crear | Villager (Male) |
| 16:56 | Crear | Militia |
| 17:01 | Crear | Villager (Male) |
| 17:11 | Crear | Villager (Male) |
| 17:11 | Crear | Villager (Male) |
| 17:16 | Crear | Militia |
| 17:16 | Crear | Militia |
| 17:29 | Crear | Villager (Male) |
| 17:32 | Construir | House |
| 17:34 | Construir | Palisade Wall |
| 17:40 | Crear | Militia |
| 17:58 | Crear | Militia |
| 18:01 | Crear | Villager (Male) |
| 18:01 | Crear | Villager (Male) |
| 18:11 | Crear | Militia |
| 18:15 | Crear | Villager (Male) |
| 18:23 | Crear | Militia |
| 18:25 | Crear | Villager (Male) |
| 18:28 | Construir | Mining Camp |
| 18:41 | Crear | Militia |
| 18:42 | Crear | Militia |
| 18:44 | Construir | Farm |
| 19:32 | Crear | Villager (Male) |
| 19:33 | Construir | Farm |
| 19:37 | Construir | Palisade Wall |
| 19:40 | Construir | Palisade Wall |
| 19:45 | Crear | Militia |
| 19:58 | Construir | Farm |
| 20:08 | Construir | Farm |
| 20:08 | Crear | Villager (Male) |
| 20:13 | Construir | Palisade Wall |
| 20:26 | Construir | Palisade Wall |
| 20:26 | Construir | Palisade Wall |
| 20:28 | Construir | Palisade Wall |
| 20:35 | Crear | Militia |
| 20:40 | Construir | Farm |
| 20:52 | Construir | Farm |
| 21:02 | Investigar | Feudal Age |
| 21:03 | Investigar | Loom |
| 21:29 | Construir | House |
| 22:22 | Construir | House |
| 22:43 | Crear | Villager (Male) |
| 22:43 | Crear | Villager (Male) |
| 22:55 | Construir | House |
| 23:12 | Edad | Edad Feudal |
Build order — Peekachu
149 acciones detectadas en el replay
| 1:00 | Construir | Town Center |
| 1:09 | Construir | House |
| 2:50 | Crear | Villager (Male) |
| 2:50 | Crear | Villager (Male) |
| 2:50 | Crear | Villager (Male) |
| 2:51 | Crear | Villager (Male) |
| 2:51 | Crear | Villager (Male) |
| 4:20 | Crear | Villager (Male) |
| 4:20 | Crear | Villager (Male) |
| 4:24 | Construir | House |
| 4:44 | Construir | House |
| 4:46 | Crear | Villager (Male) |
| 4:47 | Crear | Villager (Male) |
| 5:18 | Crear | Villager (Male) |
| 5:18 | Crear | Villager (Male) |
| 5:19 | Crear | Villager (Male) |
| 5:45 | Construir | Lumber Camp |
| 5:57 | Construir | Lumber Camp |
| 6:06 | Crear | Villager (Male) |
| 6:06 | Crear | Villager (Male) |
| 6:53 | Crear | Villager (Male) |
| 7:16 | Crear | Villager (Male) |
| 7:16 | Crear | Villager (Male) |
| 7:16 | Investigar | Loom |
| 7:26 | Crear | Villager (Male) |
| 7:26 | Crear | Villager (Male) |
| 8:16 | Crear | Villager (Male) |
| 8:19 | Crear | Villager (Male) |
| 8:39 | Construir | Mill |
| 8:55 | Crear | Villager (Male) |
| 9:32 | Crear | Villager (Male) |
| 9:52 | Crear | Villager (Male) |
| 10:17 | Construir | House |
| 10:44 | Crear | Villager (Male) |
| 10:51 | Construir | House |
| 11:35 | Crear | Villager (Male) |
| 11:46 | Construir | House |
| 12:01 | Crear | Villager (Male) |
| 12:07 | Investigar | Feudal Age |
| 12:13 | Construir | Barracks |
| 12:43 | Construir | Lumber Camp |
| 13:52 | Construir | Palisade Wall |
| 13:53 | Construir | Palisade Wall |
| 14:18 | Edad | Edad Feudal |
| 14:23 | Construir | Archery Range |
| 14:28 | Construir | Blacksmith |
| 14:46 | Crear | Villager (Male) |
| 15:10 | Construir | Market |
| 15:16 | Crear | Villager (Male) |
| 15:16 | Crear | Villager (Male) |
| 15:24 | Crear | Archer |
| 16:12 | Crear | Archer |
| 16:12 | Crear | Archer |
| 16:23 | Construir | Archery Range |
| 16:31 | Crear | Archer |
| 16:35 | Investigar | Fletching |
| 16:52 | Crear | Archer |
| 16:59 | Crear | Archer |
| 21:05 | Construir | Town Center |
| 21:49 | Construir | Town Center |
| 22:09 | Construir | Lumber Camp |
| 22:50 | Construir | Farm |
| 22:50 | Construir | Farm |
| 22:50 | Construir | Farm |
| 23:01 | Construir | Farm |
| 23:03 | Investigar | Double-Bit Axe |
| 23:11 | Construir | Farm |
| 23:13 | Crear | Villager (Male) |
| 23:13 | Crear | Villager (Male) |
| 23:13 | Crear | Villager (Male) |
| 23:15 | Crear | Villager (Male) ×3 |
| 23:15 | Crear | Villager (Male) ×3 |
| 23:46 | Construir | Lumber Camp |
| 23:59 | Construir | House |
| 24:00 | Construir | House |
| 24:02 | Construir | House |
| 24:02 | Construir | House |
| 24:11 | Construir | House |
| 24:26 | Construir | House |
| 24:27 | Construir | House |
| 24:45 | Construir | House |
| 24:46 | Construir | House |
| 24:59 | Crear | Villager (Male) |
| 25:00 | Crear | Villager (Male) |
| 25:49 | Construir | House |
| 25:53 | Construir | House |
| 25:54 | Construir | House |
| 26:05 | Construir | House |
| 26:07 | Construir | House |
| 26:29 | Crear | Villager (Male) |
| 27:02 | Construir | Blacksmith |
| 27:04 | Construir | Market |
| 27:16 | Construir | House |
| 27:21 | Construir | House |
| 27:22 | Construir | House |
| 27:35 | Construir | Mill |
| 27:35 | Construir | Farm |
| 27:35 | Construir | Farm |
| 27:36 | Construir | Farm |
| 27:36 | Construir | Farm |
| 27:36 | Construir | Farm |
| 27:36 | Construir | Farm |
| 28:09 | Construir | Mining Camp |
| 28:25 | Construir | Palisade Wall |
| 28:39 | Crear | Villager (Male) |
| 28:39 | Crear | Villager (Male) |
| 28:40 | Crear | Villager (Male) |
| 28:40 | Crear | Villager (Male) |
| 29:12 | Crear | Villager (Male) |
| 29:13 | Crear | Villager (Male) |
| 29:22 | Construir | Farm |
| 29:29 | Construir | Farm |
| 29:32 | Construir | Farm |
| 30:13 | Construir | Farm |
| 30:16 | Construir | Farm |
| 30:18 | Crear | Villager (Male) |
| 31:40 | Investigar | Castle Age |
| 32:50 | Construir | Lumber Camp |
| 33:24 | Investigar | Horse Collar |
| 34:04 | Crear | Villager (Male) |
| 34:04 | Crear | Villager (Male) |
| 34:20 | Edad | Edad de los Castillos |
| 34:41 | Construir | Town Center |
| 34:49 | Crear | Villager (Male) |
| 34:50 | Crear | Villager (Male) |
| 35:06 | Construir | Town Center |
| 35:09 | Crear | Villager (Male) |
| 35:10 | Investigar | Bow Saw |
| 35:34 | Investigar | Heavy Plow |
| 35:55 | Construir | Palisade Wall |
| 37:16 | Crear | Villager (Male) |
| 37:16 | Crear | Villager (Male) |
| 37:17 | Crear | Villager (Male) |
| 37:17 | Crear | Villager (Male) |
| 37:17 | Crear | Villager (Male) |
| 37:18 | Crear | Villager (Male) |
| 37:18 | Crear | Villager (Male) |
| 37:31 | Construir | Archery Range |
| 37:39 | Construir | Archery Range |
| 37:42 | Crear | Villager (Male) |
| 37:42 | Crear | Villager (Male) |
| 37:44 | Crear | Villager (Male) |
| 37:44 | Crear | Villager (Male) |
| 37:44 | Crear | Villager (Male) |
| 37:44 | Crear | Villager (Male) |
| 38:21 | Crear | Villager (Male) |
| 38:21 | Crear | Villager (Male) |
| 38:28 | Construir | Farm |
| 38:28 | Construir | Farm |
Build order — Ancalagon14
Primeras 150 de 375 acciones detectadas
| 0:05 | Construir | Town Center |
| 0:34 | Construir | Lumber Camp |
| 1:14 | Construir | House |
| 2:20 | Crear | Villager (Male) |
| 2:20 | Crear | Villager (Male) |
| 2:20 | Crear | Villager (Male) |
| 2:20 | Crear | Villager (Male) |
| 2:21 | Crear | Villager (Male) |
| 3:40 | Crear | Villager (Male) |
| 4:09 | Construir | House |
| 4:18 | Crear | Villager (Male) |
| 4:18 | Crear | Villager (Male) |
| 4:31 | Construir | Lumber Camp |
| 4:34 | Construir | House |
| 4:41 | Crear | Villager (Male) |
| 4:41 | Crear | Villager (Male) |
| 4:59 | Crear | Villager (Male) |
| 5:20 | Crear | Villager (Male) |
| 6:00 | Crear | Villager (Male) |
| 6:01 | Crear | Villager (Male) |
| 6:01 | Crear | Villager (Male) |
| 6:04 | Construir | House |
| 6:48 | Crear | Villager (Male) |
| 7:04 | Crear | Villager (Male) |
| 7:22 | Construir | Mill |
| 7:36 | Crear | Villager (Male) |
| 8:06 | Crear | Villager (Male) |
| 8:19 | Construir | House |
| 8:30 | Crear | Villager (Male) |
| 8:30 | Crear | Villager (Male) |
| 8:45 | Crear | Villager (Male) |
| 8:51 | Construir | House |
| 9:16 | Crear | Villager (Male) |
| 9:29 | Construir | Mining Camp |
| 10:05 | Crear | Villager (Male) |
| 10:23 | Investigar | Feudal Age |
| 10:58 | Construir | Palisade Wall |
| 11:57 | Crear | Villager (Male) |
| 11:57 | Crear | Villager (Male) |
| 12:22 | Construir | House |
| 12:50 | Edad | Edad Feudal |
| 12:51 | Construir | Market |
| 12:54 | Construir | Blacksmith |
| 13:36 | Crear | Villager (Male) |
| 13:36 | Crear | Villager (Male) |
| 13:45 | Investigar | Loom |
| 13:45 | Investigar | Loom |
| 13:50 | Crear | Trade Cart |
| 13:55 | Investigar | Castle Age |
| 13:55 | Investigar | Castle Age |
| 14:06 | Investigar | Loom |
| 14:11 | Construir | Palisade Wall |
| 14:13 | Construir | Palisade Wall |
| 14:16 | Construir | Palisade Wall |
| 14:21 | Investigar | Double-Bit Axe |
| 14:21 | Investigar | Double-Bit Axe |
| 14:52 | Crear | Villager (Male) |
| 14:52 | Crear | Villager (Male) |
| 16:35 | Edad | Edad de los Castillos |
| 16:41 | Construir | Castle |
| 16:49 | Construir | Castle |
| 17:10 | Construir | Town Center |
| 17:32 | Crear | Villager (Male) |
| 17:39 | Construir | Mining Camp |
| 17:52 | Construir | Mining Camp |
| 18:03 | Crear | Villager (Male) |
| 18:03 | Crear | Villager (Male) |
| 18:22 | Crear | Jaguar Warrior |
| 18:27 | Crear | Jaguar Warrior |
| 18:36 | Crear | Villager (Male) |
| 18:47 | Construir | Farm |
| 18:51 | Crear | Villager (Male) |
| 18:51 | Crear | Villager (Male) |
| 18:52 | Crear | Villager (Male) |
| 19:12 | Crear | Villager (Male) |
| 19:12 | Crear | Villager (Male) |
| 19:23 | Construir | Farm |
| 19:25 | Construir | Farm |
| 19:26 | Construir | Farm |
| 19:48 | Crear | Jaguar Warrior |
| 19:49 | Crear | Villager (Male) |
| 19:50 | Crear | Villager (Male) |
| 19:53 | Construir | Farm |
| 19:53 | Construir | Farm |
| 20:09 | Crear | Villager (Male) |
| 20:09 | Crear | Villager (Male) |
| 20:17 | Construir | Farm |
| 20:21 | Construir | Farm |
| 20:26 | Crear | Villager (Male) |
| 20:26 | Crear | Villager (Male) |
| 20:40 | Construir | Farm |
| 21:08 | Crear | Villager (Male) |
| 21:08 | Crear | Villager (Male) |
| 21:08 | Crear | Villager (Male) |
| 21:10 | Crear | Villager (Male) |
| 21:12 | Construir | Farm |
| 21:16 | Construir | Farm |
| 21:18 | Crear | Villager (Male) |
| 21:18 | Crear | Villager (Male) |
| 21:32 | Crear | Villager (Male) |
| 22:13 | Construir | Town Center |
| 22:15 | Crear | Villager (Male) |
| 22:15 | Crear | Villager (Male) |
| 22:18 | Investigar | Wheelbarrow |
| 22:30 | Crear | Villager (Male) |
| 22:48 | Crear | Villager (Male) |
| 22:49 | Crear | Villager (Male) |
| 22:49 | Crear | Villager (Male) |
| 23:15 | Crear | Villager (Male) |
| 23:21 | Construir | Farm |
| 23:21 | Construir | Farm |
| 23:21 | Construir | Farm |
| 23:22 | Construir | Farm |
| 23:23 | Construir | Farm |
| 23:30 | Investigar | Horse Collar |
| 23:32 | Construir | Farm |
| 23:32 | Crear | Villager (Male) |
| 23:40 | Crear | Villager (Male) |
| 23:41 | Crear | Villager (Male) |
| 23:58 | Crear | Villager (Male) |
| 23:58 | Crear | Villager (Male) |
| 24:04 | Construir | Mill |
| 24:07 | Construir | Mill |
| 24:09 | Crear | Villager (Male) |
| 24:10 | Crear | Villager (Male) |
| 24:13 | Construir | Farm |
| 24:30 | Crear | Villager (Male) |
| 24:30 | Crear | Villager (Male) |
| 24:40 | Construir | Farm |
| 24:40 | Construir | Farm |
| 24:48 | Investigar | Bow Saw |
| 24:49 | Crear | Villager (Male) |
| 24:49 | Crear | Villager (Male) |
| 24:49 | Crear | Villager (Male) |
| 24:50 | Crear | Villager (Male) |
| 25:06 | Crear | Jaguar Warrior |
| 25:07 | Crear | Villager (Male) |
| 25:07 | Crear | Villager (Male) |
| 25:10 | Construir | House |
| 25:11 | Construir | House |
| 25:11 | Construir | House |
| 25:12 | Construir | House |
| 25:12 | Construir | House |
| 25:12 | Construir | House |
| 25:15 | Crear | Jaguar Warrior |
| 25:18 | Construir | Barracks |
| 25:32 | Construir | Farm |
| 25:32 | Construir | Farm |
| 25:35 | Crear | Villager (Male) |
| 25:35 | Crear | Villager (Male) |
Build order — nomad
Primeras 150 de 323 acciones detectadas
| 0:20 | Construir | Town Center |
| 0:43 | Construir | House |
| 2:49 | Crear | Villager (Male) |
| 2:49 | Crear | Villager (Male) |
| 2:50 | Crear | Villager (Male) |
| 2:50 | Crear | Villager (Male) |
| 2:50 | Crear | Villager (Male) |
| 4:14 | Crear | Villager (Male) |
| 4:14 | Crear | Villager (Male) |
| 4:33 | Crear | Villager (Male) |
| 4:34 | Crear | Villager (Male) |
| 4:58 | Construir | Palisade Wall |
| 4:59 | Construir | House |
| 5:04 | Crear | Villager (Male) |
| 5:04 | Crear | Villager (Male) |
| 5:15 | Crear | Villager (Male) |
| 5:15 | Crear | Villager (Male) |
| 5:16 | Crear | Villager (Male) |
| 5:16 | Crear | Villager (Male) |
| 6:17 | Construir | Lumber Camp |
| 6:27 | Crear | Villager (Male) |
| 6:27 | Crear | Villager (Male) |
| 6:28 | Crear | Villager (Male) |
| 6:29 | Crear | Villager (Male) |
| 7:16 | Crear | Villager (Male) |
| 7:22 | Construir | House |
| 7:26 | Investigar | Loom |
| 7:29 | Construir | House |
| 7:57 | Construir | Mill |
| 8:16 | Crear | Villager (Male) |
| 8:18 | Crear | Villager (Male) |
| 8:57 | Crear | Villager (Male) |
| 9:31 | Investigar | Feudal Age |
| 9:31 | Investigar | Feudal Age |
| 9:57 | Construir | House |
| 10:20 | Construir | Barracks |
| 10:22 | Construir | House |
| 10:25 | Construir | Palisade Wall |
| 11:14 | Crear | Villager (Male) |
| 11:41 | Edad | Edad Feudal |
| 11:43 | Crear | Villager (Male) |
| 11:48 | Construir | Stable |
| 11:50 | Investigar | Double-Bit Axe |
| 11:53 | Crear | Villager (Male) |
| 11:58 | Construir | Palisade Wall |
| 12:15 | Crear | Villager (Male) |
| 12:28 | Crear | Scout Cavalry |
| 12:28 | Crear | Scout Cavalry |
| 12:29 | Crear | Scout Cavalry |
| 12:32 | Construir | House |
| 12:33 | Construir | Palisade Wall |
| 12:36 | Construir | Palisade Wall |
| 12:38 | Crear | Villager (Male) |
| 13:04 | Construir | Mill |
| 13:13 | Construir | Palisade Wall |
| 13:22 | Construir | Palisade Wall |
| 13:22 | Construir | Palisade Wall |
| 13:26 | Crear | Villager (Male) |
| 13:30 | Investigar | Horse Collar |
| 13:48 | Construir | Farm |
| 13:51 | Construir | Farm |
| 13:56 | Crear | Villager (Male) |
| 14:00 | Crear | Villager (Male) |
| 14:03 | Construir | Farm |
| 14:08 | Crear | Scout Cavalry |
| 14:12 | Crear | Villager (Male) |
| 14:17 | Construir | Farm |
| 14:28 | Crear | Scout Cavalry |
| 14:35 | Construir | Farm |
| 14:59 | Crear | Villager (Male) |
| 15:03 | Construir | Farm |
| 15:31 | Crear | Villager (Male) |
| 15:44 | Crear | Villager (Male) |
| 15:46 | Construir | Farm |
| 15:48 | Construir | House |
| 15:49 | Construir | House |
| 15:50 | Construir | Palisade Wall |
| 16:07 | Crear | Villager (Male) |
| 16:13 | Construir | Palisade Gate |
| 16:14 | Construir | House |
| 16:14 | Construir | Palisade Wall |
| 16:17 | Construir | Palisade Wall |
| 16:25 | Construir | Farm |
| 16:51 | Crear | Villager (Male) |
| 16:53 | Construir | Farm |
| 16:59 | Construir | Market |
| 17:00 | Construir | Palisade Wall |
| 17:34 | Crear | Villager (Male) |
| 17:37 | Construir | Mining Camp |
| 18:00 | Crear | Villager (Male) |
| 18:06 | Construir | Blacksmith |
| 18:27 | Crear | Villager (Male) |
| 18:34 | Construir | Mining Camp |
| 19:02 | Investigar | Castle Age |
| 19:02 | Investigar | Castle Age |
| 19:23 | Construir | House |
| 19:24 | Construir | House |
| 19:26 | Construir | House |
| 19:37 | Crear | Spearman |
| 19:56 | Construir | Stone Wall |
| 19:57 | Construir | Stone Wall |
| 20:03 | Construir | House |
| 20:04 | Construir | Stone Wall |
| 20:07 | Construir | Stone Wall |
| 21:38 | Construir | Stone Wall |
| 21:39 | Construir | House |
| 21:40 | Construir | Stone Wall |
| 21:42 | Edad | Edad de los Castillos |
| 21:51 | Crear | Villager (Male) |
| 21:55 | Crear | Villager (Male) |
| 21:57 | Crear | Villager (Male) |
| 22:02 | Crear | Villager (Male) |
| 22:06 | Construir | Town Center |
| 22:11 | Construir | Town Center |
| 22:15 | Crear | Villager (Male) |
| 22:16 | Investigar | Bow Saw |
| 22:23 | Crear | Villager (Male) |
| 22:27 | Construir | House |
| 22:33 | Construir | Palisade Wall |
| 22:34 | Construir | Palisade Wall |
| 22:37 | Construir | Palisade Wall |
| 22:56 | Crear | Villager (Male) |
| 23:11 | Crear | Villager (Male) |
| 23:20 | Crear | Villager (Male) |
| 23:21 | Crear | Villager (Male) |
| 23:34 | Crear | Villager (Male) |
| 23:34 | Crear | Villager (Male) |
| 23:36 | Crear | Villager (Male) |
| 23:50 | Construir | Siege Workshop |
| 24:05 | Construir | House |
| 24:07 | Construir | House |
| 24:10 | Crear | Scorpion |
| 24:10 | Crear | Scorpion |
| 24:14 | Crear | Villager (Male) |
| 24:19 | Investigar | Town Watch |
| 24:19 | Crear | Villager (Male) |
| 24:22 | Construir | Farm |
| 24:24 | Construir | Farm |
| 24:29 | Crear | Villager (Male) |
| 24:30 | Crear | Villager (Male) |
| 24:36 | Crear | Scorpion |
| 24:46 | Crear | Villager (Male) |
| 24:53 | Crear | Scorpion |
| 25:06 | Crear | Villager (Male) |
| 26:02 | Crear | Scorpion |
| 26:03 | Crear | Villager (Male) |
| 26:09 | Construir | Castle |
| 26:12 | Crear | Scorpion |
| 26:16 | Crear | Villager (Male) |
| 26:16 | Crear | Villager (Male) |
Cronología de la partida
| 4:58 | nomad · wall_segment Palisade Wall x1 |
| 7:57 | [MGG] El Diablo · first_building Barracks |
| 10:20 | nomad · first_building Barracks |
| 10:25 | nomad · wall_segment Palisade Wall x6 |
| 10:58 | Ancalagon14 · wall_segment Palisade Wall x1 |
| 11:41 | nomad · age_up feudal |
| 11:48 | nomad · first_building Stable |
| 11:58 | nomad · wall_segment Palisade Wall x2 |
| 12:13 | Peekachu · first_building Barracks |
| 12:33 | nomad · wall_segment Palisade Wall x4 |
| 12:35 | CSA_HW_Mercer · age_up feudal |
| 12:36 | nomad · wall_segment Palisade Wall x9 |
| 12:37 | ArfGran · wall_segment Palisade Wall x1 |
| 12:39 | ArfGran · wall_segment Palisade Wall x1 |
| 12:40 | ArfGran · wall_segment Palisade Wall x1 |
| 12:50 | Ancalagon14 · age_up feudal |
| 12:53 | CSA_HW_Mercer · wall_segment Palisade Wall x1 |
| 13:00 | CSA_HW_Mercer · wall_segment Palisade Wall x1 |
| 13:07 | ArfGran · wall_segment Palisade Wall x5 |
| 13:13 | nomad · wall_segment Palisade Wall x5 |
| 13:22 | nomad · wall_segment Palisade Wall x4 |
| 13:22 | nomad · wall_segment Palisade Wall x1 |
| 13:44 | ArfGran · age_up feudal |
| 13:51 | IamAlextremo · age_up feudal |
| 13:52 | Peekachu · wall_segment Palisade Wall x1 |
| 13:53 | Ancalagon14 · first_market_sell 100 wood |
| 13:53 | Peekachu · wall_segment Palisade Wall x1 |
| 14:11 | Ancalagon14 · wall_segment Palisade Wall x1 |
| 14:13 | Ancalagon14 · wall_segment Palisade Wall x1 |
| 14:16 | Ancalagon14 · wall_segment Palisade Wall x1 |
| 14:17 | Ux'el noruego · first_building Barracks |
| 14:18 | Peekachu · age_up feudal |
| 14:23 | Peekachu · first_building Archery Range |
| 14:29 | CSA_HW_Mercer · first_market_sell 100 stone |
| 14:33 | ArfGran · first_building Barracks |
| 14:36 | CSA_HW_Mercer · wall_segment Palisade Wall x3 |
| 14:37 | CSA_HW_Mercer · wall_segment Palisade Wall x1 |
| 14:50 | Ux'el noruego · age_up feudal |
| 15:13 | Ux'el noruego · first_building Archery Range |
| 15:26 | ArfGran · first_building Stable |
| 15:31 | IamAlextremo · wall_segment Palisade Wall x1 |
| 15:34 | [MGG] El Diablo · wall_segment Palisade Wall x10 |
| 15:50 | nomad · wall_segment Palisade Wall x4 |
| 16:10 | Peekachu · first_market_sell 100 food |
| 16:11 | [MGG] El Diablo · wall_segment Palisade Wall x5 |
| 16:11 | [MGG] El Diablo · wall_segment Palisade Wall x5 |
| 16:14 | nomad · wall_segment Palisade Wall x1 |
| 16:17 | nomad · wall_segment Palisade Wall x4 |
| 16:19 | Peekachu · first_market_buy 100 wood |
| 16:35 | Ancalagon14 · age_up castle |
| 16:39 | IamAlextremo · first_building Barracks |
| 16:41 | Ancalagon14 · first_building Castle |
| 16:44 | ArfGran · wall_segment Palisade Wall x1 |
| 16:53 | Ux'el noruego · wall_segment Palisade Wall x1 |
| 16:54 | Ux'el noruego · wall_segment Palisade Wall x1 |
| 16:57 | Ux'el noruego · wall_segment Palisade Wall x1 |
| 17:00 | Ux'el noruego · wall_segment Palisade Wall x1 |
| 17:00 | nomad · wall_segment Palisade Wall x1 |
| 17:01 | Ux'el noruego · wall_segment Palisade Wall x1 |
| 17:01 | CSA_HW_Mercer · first_market_buy 100 food |
| 17:03 | Ux'el noruego · wall_segment Palisade Wall x1 |
| 17:04 | Ux'el noruego · wall_segment Palisade Wall x1 |
| 17:11 | Ux'el noruego · wall_segment Palisade Wall x5 |
| 17:34 | IamAlextremo · first_market_buy 100 food |
| 17:34 | [MGG] El Diablo · wall_segment Palisade Wall x7 |
| 17:37 | CSA_HW_Mercer · age_up castle |
| 17:38 | Ux'el noruego · wall_segment Palisade Wall x1 |
| 17:39 | IamAlextremo · first_building Archery Range |
| 17:54 | CSA_HW_Mercer · first_building Castle |
| 18:22 | IamAlextremo · age_up castle |
| 18:46 | Ux'el noruego · age_up castle |
| 18:48 | nomad · first_market_sell 100 food |
| 19:37 | [MGG] El Diablo · wall_segment Palisade Wall x3 |
| 19:40 | [MGG] El Diablo · wall_segment Palisade Wall x7 |
| 19:56 | nomad · wall_segment Stone Wall x1 |
| 19:57 | nomad · wall_segment Stone Wall x1 |
| 20:04 | nomad · wall_segment Stone Wall x1 |
| 20:07 | nomad · wall_segment Stone Wall x1 |
| 20:13 | [MGG] El Diablo · wall_segment Palisade Wall x5 |
| 20:26 | [MGG] El Diablo · wall_segment Palisade Wall x3 |
| 20:26 | [MGG] El Diablo · wall_segment Palisade Wall x10 |
| 20:28 | [MGG] El Diablo · wall_segment Palisade Wall x6 |
| 20:34 | ArfGran · age_up castle |
| 21:38 | nomad · wall_segment Stone Wall x1 |
| 21:40 | nomad · wall_segment Stone Wall x1 |
| 21:42 | nomad · age_up castle |
| 21:57 | Ux'el noruego · first_building Stable |
| 22:01 | nomad · first_market_buy 100 stone |
| 22:24 | IamAlextremo · first_market_sell 500 wood |
| 22:33 | nomad · wall_segment Palisade Wall x1 |
| 22:34 | nomad · wall_segment Palisade Wall x1 |
| 22:37 | nomad · wall_segment Palisade Wall x1 |
| 23:12 | [MGG] El Diablo · age_up feudal |
| 23:50 | nomad · first_building Siege Workshop |
| 24:27 | [MGG] El Diablo · first_market_sell 100 wood |
| 24:30 | [MGG] El Diablo · first_market_buy 100 food |
| 24:33 | Ux'el noruego · wall_segment Palisade Wall x1 |
| 24:42 | Ux'el noruego · wall_segment Palisade Wall x1 |
| 24:44 | Ux'el noruego · wall_segment Palisade Wall x1 |
| 24:45 | Ancalagon14 · first_market_buy 100 food |
| 24:45 | Ux'el noruego · wall_segment Palisade Wall x1 |
| 24:47 | Ux'el noruego · wall_segment Palisade Wall x1 |
| 25:05 | [MGG] El Diablo · wall_segment Stone Wall x2 |
| 25:16 | Ux'el noruego · wall_segment Palisade Wall x1 |
| 25:18 | Ancalagon14 · first_building Barracks |
| 25:19 | Ux'el noruego · wall_segment Palisade Wall x1 |
| 25:20 | Ux'el noruego · wall_segment Palisade Wall x1 |
| 25:21 | Ux'el noruego · wall_segment Palisade Wall x1 |
| 25:21 | ArfGran · first_market_buy 100 food |
| 25:58 | [MGG] El Diablo · wall_segment Stone Wall x3 |
| 26:09 | nomad · first_building Castle |
| 26:11 | [MGG] El Diablo · wall_segment Stone Wall x5 |
| 26:14 | [MGG] El Diablo · wall_segment Stone Wall x3 |
| 26:18 | [MGG] El Diablo · wall_segment Stone Wall x1 |
| 26:31 | [MGG] El Diablo · wall_segment Stone Wall x1 |
| 26:36 | [MGG] El Diablo · wall_segment Stone Wall x4 |
| 26:39 | [MGG] El Diablo · wall_segment Stone Wall x2 |
| 26:39 | Ancalagon14 · first_building Monastery |
| 26:39 | [MGG] El Diablo · wall_segment Stone Wall x3 |
| 27:35 | Ux'el noruego · first_market_buy 100 food |
| 27:42 | [MGG] El Diablo · age_up castle |
| 27:46 | [MGG] El Diablo · wall_segment Stone Wall x2 |
| 28:20 | [MGG] El Diablo · first_building Monastery |
| 28:25 | Peekachu · wall_segment Palisade Wall x1 |
| 28:51 | [MGG] El Diablo · wall_segment Stone Wall x1 |
| 28:52 | [MGG] El Diablo · wall_segment Stone Wall x1 |
| 29:23 | nomad · wall_segment Stone Wall x1 |
| 29:25 | nomad · wall_segment Stone Wall x1 |
| 29:26 | [MGG] El Diablo · wall_segment Stone Wall x1 |
| 29:51 | IamAlextremo · first_building Stable |
| 30:37 | ArfGran · first_building Monastery |
| 31:26 | Ux'el noruego · first_building Castle |
| 33:00 | CSA_HW_Mercer · first_building Barracks |
| 33:10 | [MGG] El Diablo · first_building Castle |
| 33:21 | nomad · wall_segment Stone Wall x1 |
| 34:20 | Peekachu · age_up castle |
| 34:28 | CSA_HW_Mercer · first_building Monastery |
| 34:31 | CSA_HW_Mercer · first_building Stable |
| 34:41 | Ancalagon14 · first_building Archery Range |
| 35:07 | nomad · age_up imperial |
| 35:21 | IamAlextremo · first_building Castle |
| 35:38 | Ancalagon14 · age_up imperial |
| 35:55 | Peekachu · wall_segment Palisade Wall x1 |
| 36:48 | ArfGran · first_building Castle |
| 38:31 | IamAlextremo · resign |
[ ANÁLISIS IA · 1 CRÉDITO ]
¿Qué pasó realmente en esta partida?
Wolo.gg analiza cada decisión: build order, eco, micro, errores típicos por bracket. Análisis personalizado por WhatsApp o Discord en 30 segundos.
Guía civ
Gurjaras
Perfil
Jugador #19258318